 Dungeon Crawl Stone Soup version 0.29-a0-563-g64e4043184 (webtiles) character file.

Game seed: 5759603971806535329

316 frimble the Skirmisher (level 7, -8/61 HPs)
             Began as a Meteoran Fighter on June 12, 2022.
             Was a Follower of Okawaru.
             Mangled by a gnoll sergeant
             ... wielding a +0 spear
              (9 damage)
             ... on level 5 of the Dungeon.
             The game lasted 00:02:52 (1615 turns).

frimble the Skirmisher (Meteoran Fighter)           Turns: 1615, Time: 00:02:52

Health: -8/61      AC:  8    Str: 16 (18) XL:     7   Next: 3%
Magic:  9/10       EV: 11    Int: 11 (12) God:    Okawaru [*.....]
Gold:   134        SH:  7    Dex: 12 (13) Spells: 6/6 levels left

rFire   + . .      SeeInvis .   a - +0 war axe
rCold   + . .      Faith    .   c - +1 buckler
rNeg    . . .      Spirit   .   b - +0 scale mail
rPois   +          Reflect  .   (no helmet)
rElec   +          Harm     .   (no cloak)
rCorr   +          Rampage  .   (no gloves)
Will    .....                   (no boots)
Stlth   +.........              g - amulet of the acrobat
HPRegen 0.20/turn               (no ring)
MPRegen 0.12/turn               (no ring)

@: brilliant, resistant, heroic, flying, glowing
A: sense surroundings 1, otherworldly, glowing, explore regen
a: Renounce Religion, Heroism


You were on level 5 of the Dungeon.
You worshipped Okawaru.
Okawaru was aware of your devotion.
You visited 1 branch of the dungeon, and saw 5 of its levels.

You collected 134 gold pieces.

Inventory:

Hand Weapons
 a - a +0 war axe (weapon)
Armour
 b - a +0 scale mail (worn)
 c - a +1 buckler (worn)
Jewellery
 g - an amulet of the acrobat (around neck)
Scrolls
 e - 3 scrolls of amnesia
 h - 3 scrolls of teleportation
 s - a scroll of blinking
Potions
 d - a potion of might
 i - a potion of degeneration
 l - a potion of flight
 p - a potion of curing {unknown}
 q - 2 potions of heal wounds {unknown}


   Skills:
 + Level 5.1(10.1) Fighting
 + Level 4.9(9.9) Axes
 - Level 3.6(8.6) Armour
 - Level 4.3(9.3) Shields
 + Level 3.7 Invocations


You had 6 spell levels left.
You didn't know any spells.
Your spell library was empty.

Dungeon Overview and Level Annotations

Branches:
Dungeon (5/15)
 Temple: D:4-7

Altars:
Dithmenos
Elyvilon
Hepliaklqana
Okawaru
Qazlal
Wu Jian

Shops:
D:2 [   D:3 =


Innate Abilities, Weirdness & Mutations

You passively map a small area around you.
You are easily found by Zot.
You glow in the dark.
You regain HP and MP as you explore.


Message History

The gnoll sergeant hits you with a +0 spear.
You block the gnoll sergeant's attack.
You closely miss the gnoll sergeant.
The gnoll sergeant is heavily wounded.
The gnoll sergeant hits you with a +0 spear!
You hit the gnoll sergeant but do no damage.
The gnoll sergeant is heavily wounded.
The gnoll sergeant hits you with a +0 spear!
* * * LOW HITPOINT WARNING * * *
You gain the combat prowess of a mighty hero.
The gnoll sergeant hits you with a +0 spear.
* * * LOW HITPOINT WARNING * * *
You hit the gnoll sergeant.
The gnoll sergeant is heavily wounded.
The gnoll sergeant hits you but does no damage.
You block the gnoll sergeant's attack.
You closely miss the gnoll sergeant.
The gnoll sergeant is heavily wounded.
The gnoll sergeant hits you but does no damage.
You barely miss the gnoll sergeant.
The gnoll sergeant is heavily wounded.
The gnoll sergeant hits you with a +0 spear.
* * * LOW HITPOINT WARNING * * *
It was a potion of degeneration.
There was something very wrong with that liquid.
You feel weakened.
You feel dopey.
You feel clumsy.
The gnoll sergeant hits you with a +0 spear.
* * * LOW HITPOINT WARNING * * *
It was a potion of brilliance.
You feel clever all of a sudden.
The gnoll sergeant hits you but does no damage.
It was a potion of flight.
You feel very buoyant.
You fly up into the air.
The gnoll sergeant hits you with a +0 spear!
* * * LOW HITPOINT WARNING * * *
It was a potion of resistance.
You feel protected.
The gnoll sergeant hits you with a +0 spear!
You die...

..(..........?..# *
, , *
##.###.#.##.###.####
##.# #.#............
##+#
#.#####.##.######. #
,
...........ยง......
# .######.##.######.
#, .. #.##)## , , ..
*#.##)g# , *
..###@## ##.##
..#..)?# * , ....#
,, ...#....# ....#
##.#....# , ###.# *
#..... , , #...#.# ,
, * ,, #...... ,* ,
#....#.# , * * ,
#..., .# *


You could see a gnoll sergeant.

Vanquished Creatures
  A black bear (D:4)
  A scorpion (D:5)
  A jelly (D:5)
  3 adders
  6 gnolls
  A worm (D:2)
  2 dart slugs
  An orc (D:3)
  2 endoplasms
  A giant cockroach (D:3)
  3 goblins
  A hobgoblin (D:1)
  6 jackals (D:3)
  2 kobolds
  4 quokkas
  9 ball pythons
  A bat (D:1)
  A frilled lizard (D:1)
  2 rats
48 creatures vanquished.

Notes
Turn   | Place    | Note
-------+----------+-------------------------------------------
     0 | D:1      | frimble the Meteoran Fighter began the quest for the Orb.
     0 | D:1      | Reached XP level 1. HP: 19/19 MP: 2/2
   383 | D:2      | Reached XP level 2. HP: 26/26 MP: 3/3
   456 | D:2      | Reached XP level 3. HP: 24/31 MP: 4/4
   458 | D:2      | Found a faded altar of an unknown god.
   689 | D:2      | Found a stormy altar of Qazlal.
   744 | D:2      | Found Yduu's Antique Armour Boutique.
   914 | D:3      | Found a shadowy altar of Dithmenos.
   914 | D:3      | Found an iron altar of Okawaru.
   929 | D:3      | Reached XP level 4. HP: 29/40 MP: 5/5
   933 | D:3      | Found a hazy altar of Hepliaklqana.
   934 | D:3      | Found an ornate altar of the Wu Jian Council.
   941 | D:3      | Became a worshipper of Warmaster Okawaru
  1116 | D:3      | Found a white marble altar of Elyvilon.
  1160 | D:3      | Reached skill level 4 in Fighting
  1226 | D:3      | Found Xodupp's One-of-a-Kind Rings.
  1254 | D:3      | Reached skill level 1 in Invocations
  1323 | D:4      | Noticed a black bear
  1333 | D:4      | Killed a black bear
  1334 | D:4      | Reached XP level 5. HP: 18/47 MP: 5/7
  1362 | D:4      | Reached XP level 6. HP: 53/53 MP: 8/8
  1500 | D:5      | Entered Level 5 of the Dungeon
  1507 | D:5      | Reached * piety under Okawaru
  1508 | D:5      | Reached skill level 5 in Fighting
  1595 | D:5      | Reached XP level 7. HP: 35/61 MP: 8/10
  1614 | D:5      | HP: 1/61 [gnoll sergeant/+0 spear (11)]
  1615 | D:5      | Mangled by a gnoll sergeant

Illustrated notes

Levels and vault maps discovered:
D:1:      minmay_arrival_wavy_path, layout_basic, minmay_tetromino_t2
D:2:      minmay_angry_zag, layout_loops_ring,
          nicolae_ecumenical_snake_handling, serial_shops,
          nicolae_shop_window_shopping, serial_forest, infiniplex_forest_3_way,
          infiniplex_forest_corner_1, infiniplex_forest_zigzag_2,
          infiniplex_forest_join, infiniplex_forest_straight_1,
          infiniplex_forest_straight_2, basic_altar
D:3:      layout_basic, elyvilon_altar_1,
          chequers_temple_overflow_statue_of_worship,
          ebering_dispersal_statue_hall, fountainhead,
          nicolae_shop_unique_rings, st_stairs_8,
          hangedman_abyss_or_decor_lesser_grid, dreamdust_princess_bridge,
          minivault_14
D:4:      layout_gridville, mainiacjoe_overflow_alcove_3
D:5:      layout_basic, guppyfry_early_orc_mine

Skill      XL: |  1  2  3  4  5  6 |
---------------+-------------------+-----
Shields        | 4 |  4.3
Axes           | 3 4 |  4.9
Fighting       | 4 5 |  5.1
Invocations    | 2 3 |  3.7
Armour         | |  3.6

Action                   |  1- 3 |  4- 6 |  7- 9 || total
-------------------------+-------+-------+-------++-------
Melee: War axe           |    86 |    62 |    13 ||   161
Invok: Heroism           |       |     2 |     1 ||     3
  Use: Potion            |       |     1 |     4 ||     5
       Scroll            |       |     8 |       ||     8
Armor: Scale mail        |    45 |    30 |     4 ||    79
Dodge: Dodged            |    43 |    32 |     5 ||    80
Block: Buckler           |    23 |    17 |     8 ||    48

Table legend: (Time is in decaauts)
 A = Elapsed time spent in this place.
 B = Non-inter-level travel time spent in this place.
 C = Inter-level travel time spent in this place.
 D = Time resting spent in this place.
 E = Time spent auto-exploring this place.
 F = Levels seen in this place.
 G = Mean time per level.
                   A        B        C        D        E       F      G
               +--------+--------+--------+--------+--------+-----+--------+
         Total |   1670 |   1524 |    146 |      9 |   1125 |   5 |  334.0 |
       Dungeon |   1670 |   1524 |    146 |      9 |   1125 |   5 |  334.0 |
               +--------+--------+--------+--------+--------+-----+--------+

Top non-repeatable levels by time:
     D:2: 462 daAuts
     D:3: 446 daAuts
     D:1: 435 daAuts
     D:4: 206 daAuts
     D:5: 118 daAuts
